 Dungeon Crawl Stone Soup version 0.27.1-34-g3ba077fa99 (webtiles) character file.

Game seed: 8597107938383497827

1280 cbfl8 the Poker (level 8, -1/70 HPs)
             Began as a Minotaur Delver on Jan 26, 2022.
             Was an Initiate of Yredelemnul.
             Succumbed to an adder's poison
             ... on level 5 of the Dungeon.
             The game lasted 00:12:40 (5523 turns).

cbfl8 the Poker (Minotaur Delver)                   Turns: 5523, Time: 00:12:40

Health: -1/70      AC:  7    Str: 25    XL:     8   Next: 29%
Magic:  7/7        EV: 11    Int:  7    God:    Yredelemnul [......]
Gold:   124        SH:  0    Dex: 12    Spells: 7/7 levels left

rFire    . . .     SeeInvis .   t - +3 scythe (freeze)
rCold    . . .     Faith    .   (shield currently unavailable)
rNeg     . . .     Spirit   .   x - +0 scale mail
rPois    .         Reflect  .   (helmet restricted)
rElec    .         Harm     .   (no cloak)
rCorr    .         Rampage  .   (no gloves)
Will     .....                  (no boots)
Stlth    ++........             i - amulet of magic regeneration
HPRegen  0.21/turn              r - +6 ring of strength
MPRegen  0.35/turn              (no ring)

@: lethally poisoned (-1 -> -6), about to teleport, weak-willed
A: horns 2, retaliatory headbutt
a: Renounce Religion


You were on level 5 of the Dungeon.
You worshipped Yredelemnul.
Yredelemnul was noncommittal.
You visited 2 branches of the dungeon, and saw 6 of its levels.

You collected 124 gold pieces.

Inventory:

Hand Weapons
 a - a +0 hand axe
 l - a +0 flail of protection
 p - a +2 flail of holy wrath
 t - a +3 scythe of freezing (weapon)
 u - a +0 hand crossbow
Missiles
 d - 8 javelins
 o - a throwing net (quivered)
Armour
 b - a +0 leather armour
 x - a +0 scale mail (worn)
Jewellery
 i - an amulet of magic regeneration (around neck)
 r - a +6 ring of strength (left hand)
Wands
 g - a wand of digging (3)
 y - a wand of iceblast (16)
Scrolls
 j - a scroll of noise
 k - a scroll of teleportation
 m - a scroll of amnesia
 n - 2 scrolls of brand weapon
 q - a scroll of enchant weapon
Potions
 e - 2 potions of might
 f - a potion of haste
 h - a potion of ambrosia {unknown}
 s - a potion of flight {unknown}
 v - a potion of attraction {unknown}
 w - a potion of heal wounds {unknown}
 B - a potion of curing


   Skills:
 + Level 5.7 Fighting
 + Level 2.8(5.4) Axes
 + Level 4.1(4.6) Maces & Flails
 + Level 5.8(6.1) Polearms
 + Level 5.2 Armour
 + Level 4.0 Dodging
 + Level 5.5 Stealth


You had 7 spell levels left.
You didn't know any spells.
Your spell library contained the following spells:

 Spells                   Type           Power      Damage    Failure   Level
 Blink                    Tloc           N/A        N/A       83%         2
 Static Discharge         Conj/Air       0%         N/A       83%         2
 Lesser Beckoning         Tloc           0%         N/A       97%         3
 Dispel Undead            Necr           0%         3d6       100%        4
 Sticky Flame             Conj/Fire      0%         2d3       100%        4
 Manifold Assault         Tloc           0%         N/A       100%        5


Dungeon Overview and Level Annotations

Branches:
Dungeon (5/15)             Temple (1/1) D:5

Altars:
Ashenzari
Dithmenos
Elyvilon
Fedhas
Gozag
Hepliaklqana
Makhleb
Nemelex Xobeh
Okawaru
Sif Muna
Vehumet
Yredelemnul
The Shining One


Innate Abilities, Weirdness & Mutations

You have a pair of horns on your head.
You reflexively headbutt those who attack you in melee.


Message History

Yredelemnul accepts your kill.
The orc priest looks satisfied for a moment.
The orc hits you but does no damage. The orc hits you with a +0 club.
The orc priest invokes the aid of Beogh against you.
Beogh smites you!
* * * LOW HITPOINT WARNING * * *
The orc misses you. You furiously retaliate!
You headbutt the orc. The orc hits you with a +0 hand axe.
* * * LOW HITPOINT WARNING * * *
As you read the scroll of fog, it crumbles to dust.
The scroll dissolves into smoke.
The orc priest hits you with a +3 falchion!
* * * LOW HITPOINT WARNING * * *
The orc barely misses you. You furiously retaliate!
You headbutt the orc.
You kill the orc!
Yredelemnul accepts your kill. The orc hits you with a +0 hand axe.
* * * LOW HITPOINT WARNING * * *
As you read the scroll of teleportation, it crumbles to dust.
You feel strangely unstable. The orc priest barely misses you.
The orc hits you but does no damage. The orc closely misses you.
Your surroundings suddenly seem different.
A water moccasin and a scorpion come into view.
The adder hisses angrily.
The adder bites you but does no damage. The water moccasin barely misses you.
You slice the water moccasin!! You freeze the water moccasin.
You headbutt the water moccasin.
You kill the water moccasin!
Yredelemnul accepts your kill. The adder bites you.
* * * LOW HITPOINT WARNING * * *
You are lethally poisoned!
The adder poisons you! The adder bites you but does no damage.
The scorpion closely misses you.
Your Dodging skill increases to level 4!
As you read the scroll of teleportation, it crumbles to dust.
You feel strangely unstable.
You die...
Your body rises from the dead as a mindless zombie.

.......#*,,,,....,,,* #.#.....#
..(....#*#..##..##..# #.#<....#
.......#*........#..# #.......#
....................# *#####.#.#
..............>.....# *,,,...#.#
'##******........#..# *,*#####.#
..,,* **........#..####.######.#
#**,###*,......sS...............#
,,,,,..*,......†@.#,,,,,........#
*****#.#*........##,,,..........#
*..*#..##..###.............#
*#.##***#..# #.............# #
#..######.# #.............# #
*#.#<.....# #.............#
########..####..###.............#
##................+.............#
##...............##.............#


You could see a scorpion and an adder.

Vanquished Creatures
  Grinder (D:3)
  Sigmund (D:2)
  A water moccasin (D:5)
  2 centaurs
  An ogre (D:5)
  5 bullfrog zombies
  2 hounds (D:5)
  An orc priest (D:5)
  Terence (D:2)
  An iguana (D:5)
  A scorpion zombie (D:5)
  An orc wizard (D:5)
  Robin (D:2)
  4 gnolls (D:2)
  6 adders
  An ufetubus (D:5)
  2 adder zombies (D:5)
  3 dart slugs
  5 orcs
  7 ball pythons
  3 bats
  9 endoplasms
  A giant cockroach (D:1)
  16 goblins
  8 hobgoblins
  13 jackals
  5 quokkas
  6 frilled lizards
  4 kobolds
  4 rats
116 creatures vanquished.

Notes
Turn   | Place    | Note
-------+----------+-------------------------------------------
     0 | D:5      | cbfl8 the Minotaur Delver began the quest for the Orb.
     0 | D:5      | Reached XP level 1. HP: 19/19 MP: 0/0
    24 | D:5      | Noticed an ogre
    73 | D:5      | Noticed a hound
    86 | D:5      | Killed a hound
    87 | D:5      | Reached XP level 2. HP: 5/27 MP: 1/1
    87 | D:5      | Reached XP level 3. HP: 7/33 MP: 2/2
   402 | D:3      | Noticed Grinder
   566 | D:2      | Noticed Terence
   898 | D:1      | Reached skill level 5 in Stealth
   912 | D:1      | Reached skill level 1 in Armour
  1024 | D:1      | Reached XP level 4. HP: 40/40 MP: 3/3
  1941 | D:2      | Reached skill level 1 in Maces & Flails
  1941 | D:2      | Reached XP level 5. HP: 46/46 MP: 4/4
  2011 | D:2      | Noticed Robin
  2029 | D:2      | Killed Robin
  2453 | D:2      | Noticed Sigmund
  2467 | D:2      | Killed Sigmund
  2468 | D:2      | Reached XP level 6. HP: 22/53 MP: 5/5
  2828 | D:2      | Killed Terence
  3292 | D:3      | Paralysed by Grinder for 2 turns
  3312 | D:3      | Killed Grinder
  3313 | D:3      | Reached skill level 5 in Fighting
  3313 | D:3      | Reached XP level 7. HP: 28/61 MP: 6/6
  3552 | D:3      | Found a faded altar of an unknown god.
  3985 | D:3      | Found a blossoming altar of Fedhas.
  4421 | D:4      | Found a sparkling altar of Nemelex Xobeh.
  4777 | D:5      | Found a basalt altar of Yredelemnul.
  4798 | D:5      | Reached XP level 8. HP: 9/69 MP: 7/7
  5021 | D:5      | Became a worshipper of Yredelemnul the Dark
  5034 | D:5      | Reached skill level 5 in Polearms
  5091 | D:5      | Found a staircase to the Ecumenical Temple.
  5101 | Temple   | Entered the Ecumenical Temple
  5403 | D:5      | Reached skill level 5 in Armour
  5515 | D:5      | HP: 2/69 [orc (2)]
  5522 | D:5      | HP: 1/69 [adder (2)]
  5523 | D:5      | Succumbed to an adder's poison

Illustrated notes

Levels and vault maps discovered:
D:1:      matt_arrival_spirals, layout_loops_ring, minivault_5
D:2:      layout_basic, uniq_sigmund, uniq_robin, uniq_terence
D:3:      wad_crossroads, layout_rooms, mainiacjoe_overflow_brackets,
          chequers_ecumenical_altar_island, uniq_grinder
D:4:      layout_basic, old_standard_altar, portal_sewer_entry_a,
          minmay_misc_feat_doors, minmay_quantized, uniq_natasha, uniq_edmund,
          uniq_menkaure
D:5:      layout_basic, nicolae_yredelemnul_corpse_copse,
          minmay_temple_entry_poolview, st_stairs_5
Temple:   zaba_magenta_temple

Skill      XL: |  1  2  3  4  5  6  7  8 |
---------------+-------------------------+-----
Fighting       | 4 5 |  5.7
Stealth        | 5 |  5.5
Armour         | 1 2 3 4 5 |  5.2
Maces & Flails | 1 3 4 |  4.1
Dodging        | 3 4 |  4.0
Polearms       | 2 4 5 |  5.8
Axes           | |  2.8

Action                   |  1- 3 |  4- 6 |  7- 9 || total
-------------------------+-------+-------+-------++-------
Melee: Hand axe          |    42 |       |       ||    42
       Headbutt          |    10 |    12 |    15 ||    37
       Flail             |     2 |    86 |       ||    88
       Scythe            |       |    27 |    84 ||   111
  Use: Scroll            |     1 |       |    15 ||    16
       Potion            |     1 |       |     4 ||     5
 Stab: Sleeping          |     3 |     7 |     2 ||    12
Armor: Leather armour    |    14 |    27 |       ||    41
       Scale mail        |       |    12 |    78 ||    90
       Skin              |       |       |    19 ||    19
Dodge: Dodged            |    49 |    94 |   103 ||   246
